 Dungeon Crawl Stone Soup version 0.25.0-11-g1f837a76a1 (webtiles) character file.

Game seed: 922555067997664563

2500 xccam the Carver (level 9, -3/49 HPs)
             Began as a Tengu Assassin on June 25, 2020.
             Was an Initiate of Vehumet.
             Killed from afar by xccam's ghost (4 damage)
             ... with a sting
             ... on level 6 of the Dungeon.
             The game lasted 00:15:14 (7556 turns).

xccam the Carver (Tengu Assassin)                   Turns: 7556, Time: 00:15:14

Health: -3/49      AC:  5    Str: 13    XL:     9   Next: 53%
Magic:  10/10      EV: 16    Int: 14    God:    Vehumet [......]
Gold:   307        SH:  5    Dex: 15    Spells: 8/8 levels left

rFire    . . .     SeeInvis .   g - +2 falchion (holy)
rCold    . . .     Gourm    .   y - +0 buckler (curse)
rNeg     . . .     Faith    .   a - +0 leather armour (curse)
rPois    .         Spirit   .   (helmet restricted)
rElec    .         Reflect  .   c - +0 cloak
rCorr    .         Harm     .   n - +0 pair of gloves
MR       +....                  (boots unavailable)
Stlth    ++........             (no amulet)
HPRegen  0.16/turn              q - ring of protection from magic
MPRegen  0.12/turn              (no ring)

@: lethally poisoned (-3 -> -6), flying quickly and evasively, lightly drained,
quick
A: beak, talons 3, able to fly
a: Stop Flying, Renounce Religion


You were on level 6 of the Dungeon.
You worshipped Vehumet.
Vehumet was noncommittal.
You were hungry.

You visited 2 branches of the dungeon, and saw 7 of its levels.

You collected 307 gold pieces.

Inventory:

Hand Weapons
 g - a +2 falchion of holy wrath (weapon)
 t - a +2 dagger of venom
Missiles
 d - 71 poisoned darts (quivered)
 e - 2 curare-tipped darts
 r - 8 atropa-tipped darts
Armour
 a - a cursed +0 leather armour (worn)
 c - a +0 cloak (worn)
 n - a +0 pair of gloves (worn)
 y - a cursed +0 buckler (worn)
Jewellery
 q - a ring of protection from magic (left hand)
 z - an uncursed ring of fire
Wands
 u - a wand of flame (20)
 x - a wand of paralysis (4)
Scrolls
 b - 3 scrolls of identify
 j - a scroll of enchant armour {unknown}
 k - 2 scrolls of remove curse {unknown}
 m - 2 scrolls of fear {unknown}
 p - 2 scrolls of teleportation {unknown}
 s - a scroll of blinking {unknown}
 v - a scroll of immolation {unknown}
Potions
 h - a potion of brilliance
 i - a potion of curing
 l - a potion of ambrosia
 o - 2 potions of haste
 w - a potion of cancellation {unknown}
 A - a potion of stabbing {unknown}
Comestibles
 f - 9 rations


   Skills:
 + Level 2.6(2.2) Fighting
 - Level 6.0(8.1) Short Blades
 + Level 9.2(9.5) Long Blades
 - Level 3.9(3.5) Throwing
 + Level 1.6(1.2) Armour
 + Level 4.0(3.6) Dodging
 - Level 4.0(3.6) Stealth
 - Level 5.0(4.6) Shields


You had 8 spell levels left.
You didn't know any spells.
Your spell library was empty.

Dungeon Overview and Level Annotations

Branches:
Dungeon (6/15)             Temple (1/1) D:4

Altars:
Ashenzari
Cheibriados
Dithmenos
Elyvilon
Fedhas
Hepliaklqana
Kikubaaqudgha
Makhleb
Nemelex Xobeh
Okawaru
Ru
Sif Muna
Uskayaw
Vehumet
Wu Jian
Xom
Yredelemnul
Zin

Annotations:
D:6 Enish's ghost, novice DDFi; xccam's ghost, novice GnWn


Innate Abilities, Weirdness & Mutations

You have a beak for a mouth.
You have claws for feet.
You can fly continuously.


Message History

You barely miss Enish's ghost.
You claw Enish's ghost, but do no damage.
Enish's ghost is severely damaged.
Enish's ghost hits you! Enish's ghost freezes you.
* * * LOW HITPOINT WARNING * * *
You hit Enish's ghost.
Enish's ghost convulses.
You claw Enish's ghost.
Enish's ghost is almost destroyed.
You hit Enish's ghost but do no damage. Your kick misses Enish's ghost.
You peck Enish's ghost, but do no damage.
Enish's ghost is almost destroyed.
You hit Enish's ghost.
Enish's ghost convulses.
Enish's ghost is almost destroyed.
Enish's ghost hits you!
* * * LOW HITPOINT WARNING * * *
Enish's ghost freezes you.
* * * LOW HITPOINT WARNING * * *
Xccam's ghost points at you and mumbles some strange words.
The sting hits you.
You are lethally poisoned!
You die...

.#.#......)..##.....#........#...
##.......#))###.....#....#..##...
...#....##.####......(...#.......
###.....#.......#.#..............
#.............#####.............
##.........#....##...............
##.....##.......##...............
...###.##.......WW...............
...#.#.##.#.....@#...........##..
#.##......##..######.........##..
..........#..##?♣⌠♣#.........#...
...........###8....#.............
......#...#.#$.....#W..#.........
......#...#.#♣.....'.............
....##......#⌠.....'.............
#..........##♣.....'.............
###......#..#......#.#....#......


You could see Enish's ghost and xccam's ghost.

Vanquished Creatures
  Grinder (D:6)
  The ghost of mopl the Insei, an amateur OpTm (D:4)
  Sigmund (D:5)
  An ice beast (D:5)
  3 phantoms
  A sky beast (D:5)
  2 centaurs
  A bullfrog (D:6)
  2 wyvern skeletons
  5 scorpions
  4 wights (D:5)
  5 crimson imps
  A bullfrog zombie (D:4)
  3 hounds
  An orc priest (D:6)
  A bullfrog skeleton (D:4)
  2 centaur skeletons
  A gnoll shaman (D:4)
  2 iguanas (D:6)
  2 worker ants (D:5)
  2 hound skeletons (D:4)
  7 adders
  8 gnolls
  An ooze (D:3)
  An adder skeleton (D:5)
  4 worms
  2 dart slugs
  5 leopard geckos
  13 orcs
  5 giant cockroaches
  4 hobgoblins
  9 jackals
  5 quokkas
  2 ball pythons (D:1)
  A ball python zombie (D:5)
  7 bats
  11 frilled lizards
  4 goblins
  A jackal skeleton (D:4)
  8 kobolds
  A quokka skeleton (D:5)
  6 rats
147 creatures vanquished.

Notes
Turn   | Place    | Note
-------+----------+-------------------------------------------
     0 | D:1      | xccam the Tengu Assassin began the quest for the Orb.
     0 | D:1      | Reached XP level 1. HP: 12/12 MP: 2/2
   158 | D:1      | Reached XP level 2. HP: 17/17 MP: 3/3
  1039 | D:1      | Reached XP level 3. HP: 19/21 MP: 4/4
  1743 | D:2      | Reached XP level 4. HP: 26/26 MP: 5/5
  1923 | D:3      | Found a shadowy altar of Dithmenos.
  2019 | D:3      | Reached skill level 5 in Short Blades
  2141 | D:3      | Gained mutation: You can fly continuously. [Tengu growth]
  2141 | D:3      | Reached XP level 5. HP: 21/30 MP: 6/6
  2975 | D:4      | Found an iron altar of Okawaru.
  2995 | D:4      | Reached XP level 6. HP: 23/35 MP: 7/7
  3367 | D:4      | Found a staircase to the Ecumenical Temple.
  3374 | Temple   | Entered the Ecumenical Temple
  3634 | D:4      | Found a runed translucent gate.
  3635 | D:4      | Found a runed translucent gate.
  3635 | D:4      | Found a runed translucent gate.
  3637 | D:4      | Noticed mopl's ghost (amateur OpTm)
  3652 | D:4      | Killed mopl's ghost
  3652 | D:4      | Reached skill level 3 in Long Blades
  3652 | D:4      | Reached XP level 7. HP: 35/40 MP: 8/8
  3666 | D:4      | Reached skill level 4 in Long Blades
  4112 | D:5      | Entered Level 5 of the Dungeon
  4300 | D:5      | Reached skill level 1 in Armour
  4477 | D:5      | Reached skill level 5 in Long Blades
  4477 | D:5      | Reached XP level 8. HP: 29/45 MP: 9/9
  4701 | D:5      | Reached skill level 6 in Long Blades
  4907 | D:5      | Noticed Sigmund
  4919 | D:5      | Killed Sigmund
  4919 | D:5      | Reached skill level 7 in Long Blades
  5075 | D:5      | Reached skill level 1 in Shields
  5115 | D:5      | Identified the +5 chain mail "Bemi Picohyp" {rC++ Str+2}
  5150 | D:5      | Found a hide-covered altar of Uskayaw.
  5150 | D:5      | Found a basalt altar of Yredelemnul.
  5151 | D:5      | Found a radiant altar of Vehumet.
  5152 | D:5      | Found a sparkling altar of Nemelex Xobeh.
  5152 | D:5      | Found a snail-covered altar of Cheibriados.
  5159 | D:5      | Became a worshipper of Vehumet
  6136 | D:6      | Found a runed translucent gate.
  6136 | D:6      | Found a runed translucent gate.
  6136 | D:6      | Found a runed translucent gate.
  6154 | D:6      | Reached XP level 9. HP: 49/49 MP: 10/10
  6164 | D:6      | Noticed xccam's ghost (novice GnWn)
  6164 | D:6      | Noticed Enish's ghost (novice DDFi)
  6173 | D:6      | Noticed Grinder
  6378 | D:6      | Paralysed by Grinder for 5 turns
  6388 | D:6      | Killed Grinder
  6388 | D:6      | Reached skill level 5 in Shields
  6635 | D:6      | Reached skill level 8 in Long Blades
  6987 | D:6      | Reached skill level 9 in Long Blades
  7395 | D:6      | Found a shimmering blue altar of Sif Muna.
  7556 | D:6      | HP: 1/49 [Enish's ghost (2)]
  7556 | D:6      | Killed from afar by xccam's ghost

Illustrated notes

Levels and vault maps discovered:
D:1:      minmay_arrival_shattered_statue, layout_loops_ring
D:2:      layout_basic
D:3:      layout_loops_ring, nicolae_dithmenos_shadow_blocks,
          kennysheep_generic_room_15
D:4:      layout_basic, kennysheep_okawaru_gauntlet,
          minmay_temple_entry_enclosed_plants, gammafunk_ghost_necromancy,
          serial_park_tiny_2
D:5:      layout_basic, grunt_temple_overflow_open, first_ration, uniq_sigmund
D:6:      layout_cave_pools, kennysheep_mini, gammafunk_temple_overflow_pools,
          gammafunk_ghost_cemetery, tgw_xom, uniq_grinder
Temple:   chequers_temple_sunken

Skill      XL: |  1  2  3  4  5  6  7  8  9 |
---------------+----------------------------+-----
Short Blades   | 3 4 5 6 |  6.0
Dodging        | 2 3 4 |  4.0
Throwing       | 3 |  3.9
Long Blades    | 3 5 7 9 |  9.2
Armour         | 1 |  1.6
Shields        | 4 5 |  5.0
Fighting       | |  2.6
Stealth        | |  4.0

Action                   |  1- 3 |  4- 6 |  7- 9 || total
-------------------------+-------+-------+-------++-------
Melee: Dagger            |    74 |   123 |    13 ||   210
       Kick              |    16 |    37 |    85 ||   138
       Peck              |     6 |    23 |    40 ||    69
       Falchion          |       |     7 |   211 ||   218
Throw: Dart              |     4 |    13 |    44 ||    61
 Abil: Fly               |       |     1 |       ||     1
Evoke: Wand              |       |       |     2 ||     2
  Use: Scroll            |       |     5 |       ||     5
       Potion            |       |       |     2 ||     2
 Stab: Sleeping          |    10 |     7 |     5 ||    22
       Distracted        |     1 |     1 |     1 ||     3
       Paralysed         |       |       |     1 ||     1
  Eat: Chunk             |     3 |     6 |     4 ||    13
       Ration            |       |       |     2 ||     2
Armor: Robe              |     8 |       |       ||     8
       Leather armour    |       |    21 |    23 ||    44
Dodge: Dodged            |    31 |    59 |   128 ||   218
Block: Buckler           |       |       |    23 ||    23
       Rpst.: Falchion   |       |     1 |    40 ||    41
